 Dungeon Crawl Stone Soup version 0.29.1-12-g30fa7ad0bf (webtiles) character file.

Game seed: 1699420283865570541

191 Gabide the Cudgeller (level 6, -1/49 HPs)
             Began as a Formicid Berserker on Jan 5, 2023.
             Was a Believer of Trog.
             Slain by Grinder (2 damage)
             ... on level 3 of the Dungeon.
             The game lasted 00:04:26 (2682 turns).

Gabide the Cudgeller (Formicid Berserker)           Turns: 2682, Time: 00:04:27

Health: -1/49      AC:  6    Str: 23    XL:     6   Next: 2%
Magic:  6/6        EV: 11    Int:  7    God:    Trog [**....]
Gold:   86         SH:  0    Dex: 13    Spells: 5/5 levels left

rFire   . . .      SeeInvis +   a - +1 whip (flame)
rCold   . . .      Faith    .   (no shield)
rNeg    . . .      Spirit   .   k - +0 scale mail
rPois   .          Reflect  .   (helmet unavailable)
rElec   .          Harm     .   (no cloak)
rCorr   .          Rampage  .   (no gloves)
Will    ++...                   (no boots)
Stlth   ..........              (no amulet)
HPRegen 1.16/turn               (no ring)
MPRegen 0.10/turn               (no ring)

@: strong-willed (expiring), regenerating (expiring)
A: permanent stasis, dig shafts and tunnels, antennae 3, four strong arms
a: Dig, Shaft Self, Renounce Religion, Trog's Hand


You were on level 3 of the Dungeon.
You worshipped Trog.
Trog was pleased with you.
You visited 1 branch of the dungeon, and saw 3 of its levels.

You collected 86 gold pieces.

Inventory:

Hand Weapons
 a - a +1 whip of flaming (weapon)
Armour
 k - a +0 scale mail (worn)
Jewellery
 g - a ring of fire
Scrolls
 b - a scroll of teleportation {unknown}
 f - a scroll of identify
 i - 2 scrolls of immolation
 n - a scroll of vulnerability {unknown}
Potions
 c - a potion of curing
 d - a potion of ambrosia {unknown}
 e - a potion of haste {unknown}
 h - a potion of might {unknown}
 j - a potion of heal wounds {unknown}
 l - a potion of berserk rage
 m - 2 potions of mutation {unknown}


   Skills:
 + Level 4.4 Fighting
 * Level 4.8 Maces & Flails
 - Level 2.1 Armour
 + Level 3.0 Dodging


You had 5 spell levels left.
You didn't know any spells.
Your spell library was empty.

Dungeon Overview and Level Annotations

Branches:
Dungeon (3/15)

Altars:

Annotations:
D:3 Grinder


Innate Abilities, Weirdness & Mutations

You cannot be hasted, slowed, berserked, paralysed or teleported.
You can dig through walls and to a lower floor.
You have a pair of large antennae on your head. (SInv)
Your four strong arms can wield two-handed weapons with a shield.


Message History

Grinder drinks a potion.
Grinder is healed!
You closely miss Grinder.
Grinder is moderately wounded.
Your skin stops crawling.
You feel less strong-willed. Grinder gestures at you.
You resist with some effort.
Okay, then.
It was a potion of berserk rage.
Your stasis prevents you from going berserk.
Grinder barely misses you.
You closely miss Grinder.
Grinder is moderately wounded.
You hit Grinder but do no damage.
Grinder is moderately wounded.
Grinder hits you.
You closely miss Grinder. Your punch misses Grinder.
Grinder is moderately wounded.
Grinder blinks!
Your skin crawls.
You feel strong-willed.
Grinder blinks!
You feel the effects of Trog's Hand fading.
Grinder closely misses you.
You closely miss Grinder.
Grinder is moderately wounded.
Grinder hits you!
You writhe in agony.
* * * LOW HITPOINT WARNING * * *
You hit Grinder but do no damage.
Grinder is moderately wounded.
Grinder hits you.
* * * LOW HITPOINT WARNING * * *
You writhe in agony.
* * * LOW HITPOINT WARNING * * *
As you read the scroll labelled GEWOFA AFROBBI, it crumbles to dust.
It is a scroll of identify.
i - 2 scrolls of immolation Grinder hits you.
* * * LOW HITPOINT WARNING * * *
You writhe in agony.
You die...

.. #...# #...#
###.## #..#
#..## #. #...##
##..###...#####
..............#
##..#....@5...#
##...........#
##..........#
###.#.######
#####


You could see Grinder.

Vanquished Creatures
  An orc priest (D:2)
  Jessica (D:2)
  Natasha (thrice) (D:2)
  2 worms (D:2)
  An orc (D:3)
  6 ball pythons
  6 endoplasms
  2 giant cockroaches (D:1)
  3 goblins (D:1)
  5 hobgoblins
  4 jackals (D:1)
  2 quokkas (D:1)
  6 bats
  3 frilled lizards (D:2)
  5 kobolds
  6 rats
56 creatures vanquished.

Notes
Turn   | Place    | Note
-------+----------+-------------------------------------------
     0 | D:1      | Gabide the Formicid Berserker began the quest for the Orb.
     0 | D:1      | Reached XP level 1. HP: 18/18 MP: 1/1
   334 | D:1      | Reached XP level 2. HP: 17/24 MP: 2/2
   659 | D:1      | Reached XP level 3. HP: 29/29 MP: 3/3
   888 | D:1      | Reached ** piety under Trog
  1639 | D:2      | Found a faded altar of an unknown god.
  1690 | D:2      | Noticed Natasha
  1866 | D:2      | Killed Natasha
  1867 | D:2      | Reached XP level 4. HP: 33/37 MP: 4/4
  1909 | D:2      | Noticed Jessica
  1913 | D:2      | Killed Jessica
  1923 | D:2      | Reached XP level 5. HP: 37/42 MP: 5/5
  2101 | D:2      | Noticed Natasha
  2112 | D:2      | Killed Natasha
  2398 | D:2      | Noticed Natasha
  2408 | D:2      | Killed Natasha
  2569 | D:2      | Reached XP level 6. HP: 42/49 MP: 6/6
  2651 | D:3      | Noticed Grinder
  2682 | D:3      | HP: 1/49 [Grinder (5)]
  2682 | D:3      | Slain by Grinder

Illustrated notes

Levels and vault maps discovered:
D:1:      heliophobic_arrival_glass_houses, layout_loops_ring,
          minmay_tromino_v4_c
D:2:      layout_basic, shapermc_ecumenical_altar_rom_forum,
          minmay_statues_item, uniq_natasha, uniq_jessica
D:3:      layout_rooms, kennysheep_generic_room_3, uniq_terence, uniq_robin,
          uniq_grinder

Skill      XL: |  1  2  3  4  5 |
---------------+----------------+-----
Dodging        | 2 3 |  3.0
Maces & Flails | 4 |  4.8
Fighting       | 4 |  4.4
Armour         | |  2.1

Action                   |  1- 3 |  4- 6 || total
-------------------------+-------+-------++-------
Melee: Mace              |     7 |       ||     7
       Whip              |    95 |    73 ||   168
       Punch             |       |     2 ||     2
Invok: Trog's Hand       |     1 |     3 ||     4
 Abil: Dig               |     2 |     2 ||     4
  Use: Scroll            |       |     1 ||     1
       Potion            |       |     1 ||     1
 Stab: Sleeping          |     1 |       ||     1
Armor: Animal skin       |    15 |       ||    15
       Scale mail        |     6 |    17 ||    23
Dodge: Dodged            |    46 |    33 ||    79
